AoeStats
← Diego :)

Arena

509265839Analyzed
3v3 RM · 4d ago on Sep 26, 2026· 35m 21s· 6 players
Game mode
Random Map
Map size
Normal (6 player)
Population
200
Speed
Normal
Resources
Standard
Victory
Conquest
Starting age
Dark Age
Ending age
Imperial Age
RankedLock teamsTeams togetherTeam positionsShared explorationLock speedFull tech treeHidden civsTurbo modeCheats
Victory
Defeat
🇺🇸 Saxons · United States
1399
+5
🇳🇴 Danes · Norway
1100
+15
🇳🇴 Byzantines · Norway
804
+26
🇨🇳 Huns · China
1095
-16
🇨🇳 Danes · China
1090
-15
🇺🇸 Wei · United States
1081
-15
DanTheMan
10:38 Feudal Age
11:52 Double-Bit Axe
11:50 Horse Collar
17:47 Castle Age
16:50 Bloodlines
16:29 Loom
17:03 Gold Mining
17:46 Stone Mining
18:18 Forging
19:05 Husbandry
19:36 Heavy Plow
22:59 Wheelbarrow
22:17 Town Watch
23:44 Stone Shaft Mining
24:35 Hand Cart
25:33 Gold Shaft Mining
25:22 Scale Barding Armor
25:25 Treadmill Crane
26:21 Fortified Wall
28:01 Bow Saw
31:20 Imperial Age
29:30 Tuntian
30:18 Iron Casting
30:43 Chain Barding Armor
31:05 Masonry
31:46 Thumb Ring
32:25 Conscription
32:09 Padded Archer Armor
33:11 Blast Furnace
33:39 Chemistry
33:47 Parthian Tactics
32:55 Heavy Hei Guang Cavalry
海哥
10:52 Feudal Age
14:39 Castle Age
12:26 Double-Bit Axe
12:56 Horse Collar
14:03 Loom
15:51 Bow Saw
20:20 Forging
22:33 Scale Mail Armor
23:08 Iron Casting
Tiger0822
12:22 Feudal Age
11:17 Loom
16:08 Castle Age
14:02 Double-Bit Axe
14:03 Horse Collar
17:11 Bow Saw
17:57 Heavy Plow
22:12 Wheelbarrow
24:59 Hand Cart
25:27 Marauders
28:42 Imperial Age
27:03 Scale Barding Armor
27:09 Forging
27:01 Gold Mining
27:02 Stone Mining
28:24 Gold Shaft Mining
29:05 Chain Barding Armor
29:20 Iron Casting
29:08 Husbandry
29:21 Bloodlines
28:47 Elite Tarkan
30:04 Conscription
31:01 Plate Barding Armor
32:50 Blast Furnace
34:16 Two-Man Saw
Monster
10:22 Feudal Age
14:24 Castle Age
12:20 Double-Bit Axe
12:45 Horse Collar
16:15 Bow Saw
22:19 Gold Mining
26:33 Imperial Age
24:20 Scale Mail Armor
25:13 Wheelbarrow
24:41 Heavy Plow
25:21 Arson
25:38 Squires
25:50 Forging
26:45 Elite Varangian Guard
28:13 Gold Shaft Mining
30:03 Iron Casting
29:44 Chain Mail Armor
30:40 Hand Cart
30:11 Town Watch
30:12 Loom
30:37 Capped Ram
32:50 Plate Mail Armor
32:49 Siege Ram
35:13 Conscription
Diego :)
11:20 Feudal Age
14:53 Castle Age
12:49 Double-Bit Axe
13:24 Horse Collar
14:36 Fletching
20:52 Bodkin Arrow
22:07 Sanctity
25:23 Wheelbarrow
29:56 Imperial Age
29:29 Padded Archer Armor
30:22 Husbandry
30:32 Bloodlines
31:32 Ballistics
33:01 Conscription
32:43 Squires
33:11 Forging
33:48 Bow Saw
33:39 Heavy Plow
34:24 Elite Jomsviking
35:33 Scale Mail Armor
36:09 Iron Casting
Mortalix
13:25 Feudal Age
17:52 Castle Age
15:53 Double-Bit Axe
16:38 Horse Collar
20:44 Bow Saw
25:19 Imperial Age
23:52 Scale Barding Armor
23:49 Stone Mining
23:55 Gold Mining
25:26 Scale Mail Armor
25:42 Forging
25:55 Loom
27:42 Heavy Plow
28:47 Two-Man Saw
28:56 Wheelbarrow
30:44 Hand Cart
31:31 Gold Shaft Mining
31:38 Chain Barding Armor
31:54 Husbandry
33:00 Conscription
33:19 Iron Casting
36:23 Plate Barding Armor
Connection lost

Rejoining the realm…

Still unreachable

The connection could not be restored.

Session expired

The server has moved on; the page needs a fresh start.